 Dungeon Sprint DCSS version 0.31-a0-931-g7b59d4eb97 (webtiles) character file.

Game seed: 12732346822859225264

286 rocky1 the Earth Mage (level 8, -11/58 HPs)
             Began as a Gargoyle Earth Elementalist on Oct 20, 2023.
             Was a High Priest of Vehumet.
             Killed from afar by a will-o-the-wisp (17 damage)
             ... with a foxfire
             ... in the Dungeon (Sprint VI: "Thunderdome").
             The game lasted 00:06:30 (613 turns).

rocky1 the Earth Mage (Gargoyle Earth Elementalist)  Turns: 613, Time: 00:06:30

Health: -11/58     AC:  7    Str: 16    XL:     8   Next: 84%
Magic:  15/21      EV: 12    Int: 18    God:    Vehumet [*****.]
Gold:   420        SH:  0    Dex: 12    Spells: 10/25 levels left

rFire   + . .        (no weapon)
rCold   + . .        (no shield)
rNeg    + . .        a - +0 robe
rPois   ∞            (no helmet)
rElec   +            (no cloak)
rCorr   +            (no gloves)
SInv    .            (no boots)
Will    .....        n - amulet "Raish" {RegenMP Regen+ rCorr Str+4 Stlth-}
Stlth   +            m - ring of the Suburbs {Fly Dex+2}
HPRegen 1.09/turn    (no ring)
MPRegen 0.57/turn

%: no teleportation
@: resistant, flying, hasted, very quick
A: sickness immunity, AC +5, negative energy resistance 1, electricity
resistance, torment resistance 1, petrification resistance
a: Renounce Religion


You were in the Dungeon.
You worshipped Vehumet.
Vehumet was extremely pleased with you.
You visited 1 branch You collected 600 gold pieces.
You spent 180 gold pieces at shops.

Inventory:

Armour
 a - a +0 robe (worn)
Jewellery
 l - the amulet "Dickuf" {Acrobat Contam Regen+ Dex+4}
   (You bought it in a shop in the Dungeon)

   [amulet of the acrobat]

   Acrobat:   It increases your evasion while moving and waiting.
   Dex+4:     It affects your dexterity (+4).
   Contam:    It causes magical contamination when unequipped.
   Regen+:    It increases your rate of health regeneration.
 m - the ring of the Suburbs (left hand) {Fly Dex+2}
   (You bought it in a shop in the Dungeon)

   [ring of flight]

   Dex+2:     It affects your dexterity (+2).
   Fly:       It grants you flight.
 n - the amulet "Raish" (around neck) {RegenMP Regen+ rCorr Str+4 Stlth-}
   (You bought it in a shop in the Dungeon)

   [amulet of magic regeneration]

   RegenMP:   It increases your rate of magic regeneration.
   Str+4:     It affects your strength (+4).
   Regen+:    It increases your rate of health regeneration.
   rCorr:     It protects you from acid and corrosion.
   Stlth-:    It makes you less stealthy.
 o - the amulet "Vemel" {RegenMP Dex+3}
   (You bought it in a shop in the Dungeon)

   [amulet of magic regeneration]

   RegenMP:   It increases your rate of magic regeneration.
   Dex+3:     It affects your dexterity (+3).
Scrolls
 g - 3 scrolls of blinking
 k - 3 scrolls of fog
Potions
 b - 3 potions of magic
 d - a potion of heal wounds
 e - 3 potions of haste
 f - a potion of berserk rage


   Skills:
 + Level 10.5 Fighting
 - Level 1.5 Dodging
 - Level 2.1 Stealth
 + Level 9.1 Spellcasting
 + Level 0.0 Conjurations
 - Level 0.7 Transmutations
 * Level 16.2 Earth Magic


You had 10 spell levels left.
You knew the following spells:

 Your Spells              Type           Power      Damage    Failure   Level
a - Sandblast             Erth           100%       2d20      0%          1
b - Stone Arrow           Conj/Erth      74%        3d11      1%          3
c - Brom's Barrelling Bo  Conj/Erth      37%        2d6       1%          4
d - Petrify               Tmut/Erth      38%        N/A       2%          4
e - Dazzling Flash        Conj/Hex       16%        N/A       7%          3

Your spell library contained the following spells:

 Spells                   Type           Power      Damage    Failure   Level
 Passwall                 Tmut/Erth      31%        N/A       1%          2


Dungeon Overview and Level Annotations

Branches:
Dungeon (1/1)

Altars:
Cheibriados
Dithmenos
Fedhas
Gozag
Kikubaaqudgha
Makhleb
Okawaru
Qazlal
Ru
Sif Muna
Trog
Uskayaw
Vehumet
Wu Jian
Xom
Yredelemnul
Zin
The Shining One
Lugonu

Shops:
D *[=??*?*:[((!!!!

Annotations:
D Lernaean hydra


Innate Abilities, Weirdness & Mutations

You are immune to sickness and miasma.
Your stone body is resilient. (AC +5)
You are immune to poison.
You resist negative energy. (rN+)
You are resistant to electric shocks. (rElec)
You are resistant to unholy torment.
You are immune to petrification.


Message History

A will-o-the-wisp comes into view.
The will-o-the-wisp gives a chilling moan.
The will-o-the-wisp gestures.
The will-o-the-wisp conjures some marshlight! 2 foxfires come into view.
Aiming: Stone Arrow (safe; 1% risk of failure)
Press: ? - help, Q - select action, (/) - cycle Shift-Dir - straight line, f/p - 27-headed Lernaean hydra
Aim: the 27-headed Lernaean hydra (lightly wounded, 91% to hit)
The stone arrow hits the 27-headed Lernaean hydra!
The 27-headed Lernaean hydra is lightly wounded.
Unknown command.
Blink to where?
Press: ? - help, Dir - move target, p - 27-headed Lernaean hydra
As you read the scroll of blinking, it crumbles to dust.
The will-o-the-wisp gestures.
The will-o-the-wisp conjures some marshlight!
A foxfire comes into view.
Aiming: Stone Arrow (safe; 1% risk of failure)
Press: ? - help, Q - select action, (/) - cycle Shift-Dir - straight line, f - 27-headed Lernaean hydra
Aim: the 27-headed Lernaean hydra (lightly wounded, 91% to hit)
The stone arrow hits the 27-headed Lernaean hydra!
The 27-headed Lernaean hydra is moderately wounded.
A foxfire comes into view.
The foxfire hits you!!
Ouch! That really hurt!
The foxfire hits you!!
* * * LOW HITPOINT WARNING * * *
Unknown command.
You feel much better.
The will-o-the-wisp gestures.
The will-o-the-wisp conjures some marshlight!
A foxfire comes into view.
You feel much better. The foxfire hits you!!
Ouch! That really hurt!
* * * LOW HITPOINT WARNING * * *
A foxfire comes into view.
The foxfire dissipates!
You feel protected. The foxfire hits you! You resist.
You die...

##### ##⌠⌠⌠## #.....#
##.....## ##∩.....∩##
#∩@......∩# #_.v....._#
#_..§...._# #.D..v..._#
###.....§§..###
#§.....[.§§.§§#
######.8.......v.8.######
##∩___......###...§...._∩##
###∩........8.#
#.8.[......∩#


You could see the 27-headed Lernaean hydra and a will-o-the-wisp.

Vanquished Creatures
  3 guardian mummies (D)
  Sigmund (D)
  A warg (D)
  Menkaure (D)
  2 orc warriors (D)
  Blork the orc (D)
  3 jellies (D)
  Jessica (D)
  An orc wizard (D)
  3 mummies (D)
  3 endoplasms (D)
  A quokka (D)
  A ball python (D)
  A frilled lizard (D)
23 creatures vanquished.

Vanquished Creatures (collateral kills)
  A boulder (D)
1 creature vanquished.

Vanquished Creatures (others)
  A boulder (D)
  4 foxfires (D)
5 creatures vanquished.

Grand Total: 29 creatures vanquished

Notes
Turn   | Place    | Note
-------+----------+-------------------------------------------
     0 | D        | rocky1 the Gargoyle Earth Elementalist began the quest for
                  | the Orb.
     0 | D        | Reached XP level 1. HP: 10/10 MP: 3/3
     3 | D        | Found a snail-covered altar of Cheibriados.
     4 | D        | Found a shimmering blue altar of Sif Muna.
     5 | D        | Found an iron altar of Okawaru.
     5 | D        | Found a bloodstained altar of Trog.
     5 | D        | Round 1.
     6 | D        | Found an ancient bone altar of Kikubaaqudgha.
     6 | D        | Found Affy Qeq's Staff Store.
     6 | D        | Found Jeukh's Magic Scroll Shop.
     7 | D        | Found Geengile's Must-Have Magic.
     7 | D        | Found Niof's Magic Scroll Shop.
     9 | D        | Found a radiant altar of Vehumet.
    11 | D        | Found a blossoming altar of Fedhas.
    12 | D        | Found Asaateid's Timeless Talismans.
    13 | D        | Found Sajevves's Jewellery.
    13 | D        | Found Kaeca's Advanced Armour.
    17 | D        | Reached skill level 4 in Earth Magic
    23 | D        | Reached skill level 1 in Fighting
    28 | D        | Became a worshipper of Vehumet
    29 | D        | Found a sacrificial altar of Ru.
    29 | D        | Found a hide-covered altar of Uskayaw.
    29 | D        | Found Mosys's Identification Station.
    36 | D        | Found a shadowy altar of Dithmenos.
    37 | D        | Found a shimmering altar of Xom.
    45 | D        | Bought a heavily runed ivory amulet for 45 gold pieces
    45 | D        | Identified the amulet "Dickuf" {Acrobat Contam Regen+
                  | Dex+4} (You bought it in a shop in the Dungeon)
    45 | D        | Bought a crude bone ring for 45 gold pieces
    45 | D        | Identified the ring of the Suburbs {Fly Dex+2} (You bought
                  | it in a shop in the Dungeon)
    45 | D        | Bought a wavering platinum amulet for 45 gold pieces
    45 | D        | Identified the amulet "Raish" {RegenMP Regen+ rCorr Str+4
                  | Stlth-} (You bought it in a shop in the Dungeon)
    45 | D        | Bought a vibrating bronze amulet for 45 gold pieces
    45 | D        | Identified the amulet "Vemel" {RegenMP Dex+3} (You bought
                  | it in a shop in the Dungeon)
    63 | D        | Found a basalt altar of Yredelemnul.
    64 | D        | Found Beanaxab's Premium Goods.
    66 | D        | Found Cuirac's Miscellaneous Merchandise.
    66 | D        | Found Himmyhih's Basic Armour.
    67 | D        | Found a corrupted altar of Lugonu.
    67 | D        | Found a stormy altar of Qazlal.
    67 | D        | Found an ornate altar of the Wu Jian Council.
    67 | D        | Found Cipaut's Weapon Rack.
    71 | D        | Found a burning altar of Makhleb.
    72 | D        | Found an opulent altar of Gozag.
    73 | D        | Found a glowing silver altar of Zin.
    74 | D        | Found Guicw's Do-It-Yourself Clinic.
    76 | D        | Found a glowing golden altar of the Shining One.
    76 | D        | Found Paduqann's Distillery.
    77 | D        | Found Qusezete's Bottled Wisdom.
    77 | D        | Found Aroajats's Distillery.
   148 | D        | Noticed Sigmund
   154 | D        | Killed Sigmund
   155 | D        | Reached skill level 5 in Fighting
   155 | D        | Reached skill level 5 in Spellcasting
   155 | D        | Reached skill level 9 in Earth Magic
   155 | D        | Reached XP level 2. HP: 21/21 MP: 4/8
   155 | D        | Reached XP level 3. HP: 26/26 MP: 4/9
   155 | D        | Reached XP level 4. HP: 31/31 MP: 4/11
   155 | D        | Reached XP level 5. HP: 35/35 MP: 4/12
   157 | D        | Noticed Jessica
   160 | D        | Killed Jessica
   160 | D        | Reached * piety under Vehumet
   160 | D        | Offered knowledge of Freeze by Vehumet.
   160 | D        | Arena points: 12 (+12) [x2]
   161 | D        | Reached skill level 10 in Earth Magic
   209 | D        | Round 2.
   283 | D        | Reached ** piety under Vehumet
   330 | D        | Offered knowledge of Kiss of Death by Vehumet.
   331 | D        | Reached XP level 6. HP: 42/42 MP: 14/14
   332 | D        | Arena points: 54 (+42) [x3]
   333 | D        | Reached skill level 11 in Earth Magic
   405 | D        | Round 3.
   409 | D        | Noticed a warg
   409 | D        | Noticed an orc warrior
   409 | D        | Noticed an orc warrior
   411 | D        | Noticed an orc warrior
   427 | D        | Reached *** piety under Vehumet
   429 | D        | Killed a warg
   430 | D        | Reached skill level 12 in Earth Magic
   430 | D        | Noticed Blork the orc
   431 | D        | Killed an orc warrior
   432 | D        | Reached skill level 13 in Earth Magic
   432 | D        | Reached XP level 7. HP: 21/49 MP: 14/17
   435 | D        | Killed Blork the orc
   440 | D        | Reached **** piety under Vehumet
   458 | D        | Arena points: 126 (+72) [x4]
   465 | D        | Learned a level 3 spell: Stone Arrow
   470 | D        | Learned a level 4 spell: Brom's Barrelling Boulder
   473 | D        | Round 4.
   475 | D        | Learned a level 4 spell: Petrify
   490 | D        | Offered knowledge of Dazzling Flash by Vehumet.
   494 | D        | Noticed Menkaure
   494 | D        | Noticed a guardian mummy
   503 | D        | Reached skill level 14 in Earth Magic
   509 | D        | Killed a guardian mummy
   510 | D        | Reached XP level 8. HP: 32/56 MP: 17/20
   510 | D        | Killed Menkaure
   511 | D        | Reached skill level 15 in Earth Magic
   529 | D        | Noticed a guardian mummy
   531 | D        | Noticed a guardian mummy
   536 | D        | Killed a guardian mummy
   536 | D        | Reached ***** piety under Vehumet
   537 | D        | Reached skill level 10 in Fighting
   538 | D        | Killed a guardian mummy
   539 | D        | Reached skill level 16 in Earth Magic
   540 | D        | Arena points: 286 (+160) [x5]
   589 | D        | Learned a level 3 spell: Dazzling Flash
   602 | D        | Round 5.
   603 | D        | Noticed the 27-headed Lernaean hydra
   606 | D        | Noticed a will-o-the-wisp
   610 | D        | HP: 1/58 [will-o-the-wisp/foxfire (23)]
   613 | D        | Killed from afar by a will-o-the-wisp

Illustrated notes

Levels and vault maps discovered:
D:        arena_sprint

Skill      XL: |  1  2  3  4  5  6  7  8 |
---------------+-------------------------+-----
Earth Magic    | 9 10 13 14 16 | 16.2
Fighting       | 5 6 8 9 10 | 10.5
Spellcasting   | 5 7 8 9 |  9.1
Dodging        | |  1.5
Stealth        | |  2.1
Transmutations | |  0.7

Action                     |  1- 3 |  4- 6 |  7- 9 || total
---------------------------+-------+-------+-------++-------
   Cast: Sandblast         |     3 |    14 |    16 ||    33
         Brom's Barrelling |       |       |     3 ||     3
         Stone Arrow       |       |       |    10 ||    10
  Evoke: Wand              |     4 |     6 |       ||    10
    Use: Potion            |       |     1 |     5 ||     6
         Scroll            |       |       |     1 ||     1
 Armour: Robe              |     2 |     6 |    10 ||    18
  Dodge: Dodged            |       |     7 |     3 ||    10

Table legend: (Time is in decaauts)
 A = Elapsed time spent in this place.
 B = Non-inter-level travel time spent in this place.
 C = Inter-level travel time spent in this place.
 D = Time resting spent in this place.
 E = Time spent auto-exploring this place.
 F = Levels seen in this place.
 G = Mean time per level.
                   A        B        C        D        E       F      G
               +--------+--------+--------+--------+--------+-----+--------+
         Total |    629 |    629 |      0 |    153 |      0 |   1 |  629.0 |
       Dungeon |    629 |    629 |      0 |    153 |      0 |   1 |  629.0 |
               +--------+--------+--------+--------+--------+-----+--------+

Top non-repeatable levels by time:
       D: 629 daAuts
